 Dungeon Crawl Stone Soup version 0.28-a0-258-g8de209e91f (webtiles) character file.

Game seed: 13793680270990166262

154 aSlayers the Ruffian (level 5, 0/49 HPs)
             Began as a Troll Warper on Aug 26, 2021.
             Slain by a gnoll (5 damage)
             ... on level 4 of the Dungeon.
             The game lasted 00:03:41 (931 turns).

aSlayers the Ruffian (Troll Warper)                  Turns: 931, Time: 00:03:42

Health: 0/49       AC:  5    Str: 20    XL:     5   Next: 13%
Magic:  6/6        EV: 10    Int:  9    God:
Gold:   46         SH:  0    Dex:  9    Spells: 7/7 levels left

rFire   . . .      SeeInvis .     - Unarmed
rCold   . . .      Faith    .   (no shield)
rNeg    . . .      Spirit   .   a - +1 robe
rPois   .          Reflect  .   (helmet restricted)
rElec   .          Harm     .   (no cloak)
rCorr   .          Rampage  .   (gloves unavailable)
Will    .....                   (boots unavailable)
Stlth   +.........              (no amulet)
HPRegen 1.16/turn               (no ring)
MPRegen 0.10/turn               (no ring)

@: no status effects
A: large, unfitting armour, claws 3, regeneration 1, shaggy fur 1, tough skin 1
a: no special abilities


You were on level 4 of the Dungeon.
You visited 1 branch of the dungeon, and saw 4 of its levels.

You collected 46 gold pieces.

Inventory:

Missiles
 c - 5 boomerangs of dispersal (quivered)
Armour
 a - a +1 robe (worn)
 k - a +0 chain mail
 l - a +0 scale mail
Wands
 j - a wand of mindburst (12)
Scrolls
 i - a scroll of enchant weapon {unknown}
Potions
 b - a potion of attraction {unknown}
 f - a potion of haste {unknown}
 g - a potion of degeneration {unknown}
 h - a potion of curing {unknown}
 m - 2 potions of might {unknown}


   Skills:
 + Level 1.8 Fighting
 + Level 0.8 Throwing
 + Level 3.0 Dodging
 + Level 3.3 Unarmed Combat
 + Level 1.7 Spellcasting
 + Level 2.6 Translocations


You had 7 spell levels left.
You didn't know any spells.
Your spell library contained the following spells:

 Spells                   Type           Power      Damage    Failure   Level
 Blink                    Tloc           N/A        N/A       19%         2
 Gell's Gravitas          Tloc           2%         N/A       34%         3
 Lesser Beckoning         Tloc           2%         N/A       34%         3
 Teleport Other           Tloc           5%         N/A       34%         3
 Manifold Assault         Tloc           5%         N/A       97%         5


Dungeon Overview and Level Annotations

Branches:
Dungeon (4/15)
 Temple: D:4-7

Altars:


Innate Abilities, Weirdness & Mutations

You are too large for most types of armour.
You have claws for hands.
Your natural rate of healing is unusually fast.
You are covered in fur. (AC +1)
You have tough skin. (AC +1)


Message History

You see here a +0 club.
The gnoll hits you but does no damage.
You see here a +0 club.
The gnoll hits you with a +0 spear. The gnoll misses you.
You claw the gnoll!
The gnoll is severely wounded.
The gnoll hits you with a +0 spear. The gnoll closely misses you.
The gnoll misses you.
You completely miss the gnoll.
The gnoll is severely wounded.
The gnoll hits you with a +0 flail.
The gnoll hits you with a +0 spear. x2; The gnoll hits you with a +0 flail.
You closely miss the gnoll. The gnoll barely misses you.
The gnoll hits you with a +0 spear. The gnoll hits you with a +0 flail!
* * * LOW HITPOINT WARNING * * *
You scratch the gnoll.
The gnoll is moderately wounded.
The gnoll hits you with a +0 spear.
* * * LOW HITPOINT WARNING * * *
The gnoll barely misses you. The gnoll closely misses you.
As you read the scroll labelled LIUF ZONYN, it crumbles to dust.
It is a scroll of enchant armour.
Your +0 robe glows green for a moment.
The gnoll closely misses you. The gnoll hits you but does no damage.
The gnoll hits you with a +0 flail.
* * * LOW HITPOINT WARNING * * *
As you read the scroll labelled KALEAZX XOQO, it crumbles to dust.
It is a scroll of amnesia.
You feel forgetful for a moment. The gnoll barely misses you.
The gnoll hits you with a +0 spear.
* * * LOW HITPOINT WARNING * * *
The gnoll hits you but does no damage.
You claw the gnoll!
The gnoll is almost dead.
The gnoll hits you with a +0 spear.
* * * LOW HITPOINT WARNING * * *
The gnoll barely misses you. x2
You barely miss the gnoll.
The gnoll is almost dead.
The gnoll barely misses you. The gnoll hits you with a +0 spear.
You die...

#.###.#.#.......##
#.......##.##.###
#####......##.#
#########.# #.#
#.# #.####.###
#.g......#
#@g###.#.#
#....g.#
#.........
##.......##
#..#...##
....##... ###.
#.## #. #.#


You could see 3 gnolls.

Vanquished Creatures
  A hound (D:4)
  A bullfrog zombie (D:3)
  An orc wizard (D:3)
  A gnoll (D:4)
  2 adders
  A worm (D:3)
  5 orcs (D:3)
  2 ball pythons
  6 endoplasms
  5 goblins
  5 hobgoblins
  2 frilled lizards
  3 rats
35 creatures vanquished.

Notes
Turn   | Place    | Note
-------+----------+-------------------------------------------
     0 | D:1      | aSlayers the Troll Warper began the quest for the Orb.
     0 | D:1      | Reached XP level 1. HP: 19/19 MP: 1/1
   121 | D:1      | Reached XP level 2. HP: 27/27 MP: 3/3
   510 | D:3      | Reached XP level 3. HP: 10/35 MP: 4/4
   651 | D:3      | Reached XP level 4. HP: 7/42 MP: 5/5
   839 | D:4      | Reached XP level 5. HP: 45/49 MP: 6/6
   931 | D:4      | Slain by a gnoll

Illustrated notes

Levels and vault maps discovered:
D:1:      minmay_arrival_stone_box, layout_loops_ring, nrook_mini_backslash
D:2:      layout_basic, dreamdust_ecumenical_altar_sealed_demon, serial_shops,
          shop, uniq_sigmund
D:3:      layout_rooms
D:4:      layout_loops_corners, serial_shops, nicolae_shop_stone

Skill      XL: |  1  2  3  4 |
---------------+-------------+-----
Dodging        | 2 3 |  3.0
Unarmed Combat | 3 |  3.3
Fighting       | |  1.8
Throwing       | |  0.8
Spellcasting   | |  1.7
Translocations | |  2.6

Action                   |  1- 3 |  4- 6 || total
-------------------------+-------+-------++-------
Melee: Unarmed           |    58 |    28 ||    86
  Use: Scroll            |       |     3 ||     3
Armor: Robe              |    27 |    17 ||    44
Dodge: Dodged            |    37 |    27 ||    64

Table legend: (Time is in decaauts)
 A = Elapsed time spent in this place.
 B = Non-inter-level travel time spent in this place.
 C = Inter-level travel time spent in this place.
 D = Time resting spent in this place.
 E = Time spent auto-exploring this place.
 F = Levels seen in this place.
 G = Mean time per level.
                   A        B        C        D        E       F      G
               +--------+--------+--------+--------+--------+-----+--------+
         Total |    926 |    926 |      0 |      0 |    574 |   4 |  231.5 |
       Dungeon |    926 |    926 |      0 |      0 |    574 |   4 |  231.5 |
               +--------+--------+--------+--------+--------+-----+--------+

Top non-repeatable levels by time:
     D:1: 451 daAuts
     D:3: 277 daAuts
     D:4: 193 daAuts
     D:2: 4 daAuts
